San Jose Sharks vs Los Angeles Kings
Created - Monday, November 10, 2025 at 07:06
Goals
|
| San Jose Sharks |
0 |
1 |
1 |
2 |
| Los Angeles Kings |
1 |
3 |
0 |
4 |
|
Shots
|
| San Jose Sharks |
6 |
11 |
15 |
32 |
| Los Angeles Kings |
10 |
8 |
6 |
24 |
|
1st period
1. Los Angeles Kings , Andrei Kuzmenko 19 (Charlie McAvoy 17, Ryan Suter 17) at 12:30
Penalties :
Mattias Samuelsson (SJS) for Roughing (Minor) at 8:35, Casey Cizikas (SJS) for Tripping (Minor) at 14:25, Connor Murphy (SJS) for Holding (Minor) at 17:34
2nd period
2. Los Angeles Kings , Logan Cooley 31 (Andrew Copp 25, Owen Power 16) at 5:11
3. Los Angeles Kings , Andrei Kuzmenko 20 (Owen Power 17, Jansen Harkins 15) at 5:21
4. San Jose Sharks , Morgan Geekie 23 (Ilya Mikheyev 32, Anthony Beauvillier 8) at 7:02
5. Los Angeles Kings , Matthew Boldy 34 (Seth Jarvis 55, Owen Power 18) at 17:23
Penalties :
No Penalty
3rd period
6. San Jose Sharks , Justin Barron 2 (Kevin Fiala 36, Carter Verhaeghe 57) at 0:55 (PP)
Penalties :
Vitali Kravtsov (LAK) for Tripping (Minor) at 0:46, Andrei Svechnikov (LAK) for Holding (Minor) at 13:11
Goalie Stats
Jacob Markstrom (SJS), 20 saves from 24 shots - (0.833), L, 17-18-5, 60:00 minutes
Andrei Vasilevskiy (LAK), 30 saves from 32 shots - (0.938), W, 18-22-1, 60:00 minutes
Players Stats for San Jose Sharks
Player Name G A P +/- PIM S H SB GA TA FO MP PP MP PK MP
------------------------------------------------------------------------------------
Alexander Wennberg 0 0 0 -2 0 4 2 2 0 1 9/15 19:35 0:09 2:58
Andre Burakovsky 0 0 0 -1 0 2 3 1 0 0 0/0 15:47 0:59 0:00
Anthony Beauvillier 0 1 1 0 0 4 3 1 0 0 1/1 15:49 0:39 2:50
Brandon Tanev 0 0 0 0 0 0 1 1 1 0 0/1 9:29 0:39 0:00
Carter Verhaeghe 0 1 1 -2 0 4 2 2 1 1 0/0 19:35 0:09 2:56
Casey Cizikas 0 0 0 0 2 1 3 0 0 0 3/3 9:34 0:39 0:11
Connor Murphy 0 0 0 -2 2 1 1 3 0 0 0/0 25:40 0:09 2:28
Ilya Mikheyev 0 1 1 0 0 3 0 0 1 1 0/1 13:10 0:59 0:03
Jon Merrill 0 0 0 -1 0 0 0 1 0 0 0/0 16:29 0:53 1:06
Josh Manson 0 0 0 0 0 0 1 3 0 1 0/0 18:50 1:05 3:34
Justin Barron 1 0 1 0 0 3 1 2 0 0 0/0 18:29 1:03 2:23
Kevin Fiala 0 1 1 -2 0 2 1 0 0 0 0/2 19:56 0:09 2:56
Marcus Pettersson 0 0 0 -2 0 1 2 2 0 0 0/0 24:57 0:32 2:23
Mark Jankowski 0 0 0 0 0 1 1 0 0 0 2/2 8:48 0:21 0:00
Mattias Samuelsson 0 0 0 -1 2 0 2 4 0 0 0/0 15:36 0:34 0:00
Max Domi 0 0 0 -1 0 2 0 0 0 0 0/0 15:47 0:59 0:00
Morgan Geekie 1 0 1 0 0 4 1 0 1 0 4/11 11:06 0:21 0:00
Travis Boyd 0 0 0 -1 0 0 0 0 0 0 5/15 15:23 0:21 0:00
Players Stats for Los Angeles Kings
Player Name G A P +/- PIM S H SB GA TA FO MP PP MP PK MP
------------------------------------------------------------------------------------
Alex Gallant 0 0 0 0 0 0 0 0 0 1 0/0 9:10 0:00 0:17
Andrei Kuzmenko 2 0 2 1 0 3 0 0 0 1 1/3 17:14 3:07 0:00
Andrei Svechnikov 0 0 0 1 2 1 1 0 0 0 0/0 17:33 2:50 0:00
Andrew Copp 0 1 1 1 0 2 0 1 0 0 0/0 14:28 0:00 0:02
Charlie McAvoy 0 1 1 0 0 1 1 1 0 0 0/0 17:53 0:00 0:09
Cooper Marody 0 0 0 0 0 0 2 1 0 0 0/1 10:12 0:00 0:00
Drew Helleson 0 0 0 0 0 1 4 1 0 1 0/0 22:03 3:27 1:16
Jakub Zboril 0 0 0 3 0 0 0 0 0 0 0/0 16:23 0:00 0:00
Jansen Harkins 0 1 1 1 0 1 2 1 0 0 2/8 16:56 3:07 0:00
Joseph Veleno 0 0 0 1 0 2 0 0 0 0 8/12 14:24 0:00 0:43
Logan Cooley 1 0 1 1 0 4 0 0 1 0 3/4 18:19 3:07 1:03
MacKenzie Weegar 0 0 0 0 0 1 4 3 0 0 0/0 22:25 3:27 1:16
Matthew Boldy 1 0 1 1 0 3 1 0 1 0 2/2 18:21 2:50 1:11
Mikey Eyssimont 0 0 0 0 0 1 0 1 0 0 2/3 9:30 0:00 0:00
Owen Power 0 3 3 3 0 0 2 0 1 1 0/0 20:03 2:30 0:43
Ryan Suter 0 1 1 0 0 2 2 1 0 0 0/0 21:34 2:30 0:52
Seth Jarvis 0 1 1 1 0 2 0 0 1 0 9/18 18:13 2:50 1:00
Vitali Kravtsov 0 0 0 1 2 0 0 1 0 0 0/0 13:09 0:00 0:00
3 Stars
1 - Owen Power (LAK)
2 - Andrei Kuzmenko (LAK)
3 - Matthew Boldy (LAK)
Power Play
San Jose Sharks - 1 on 2 Attempt(s) - 50.00%
Los Angeles Kings - 0 on 3 Attempt(s) - 0.00%
Penalty Kill
San Jose Sharks - 3 on 3 Attempt(s) - 100.00%
- Score 0 goal in Penalty Kill
Los Angeles Kings - 1 on 2 Attempt(s) - 50.00%
- Score 0 goal in Penalty Kill
Team Stat
San Jose Sharks - Hits : 24 - Faceoff Wins : 24 - Blocked Shots : 22 - Penalty Minutes : 6
Los Angeles Kings - Hits : 19 - Faceoff Wins : 27 - Blocked Shots : 11 - Penalty Minutes : 4
Official
Referees : Reid Anderson and Frederick L'Ecuyer
Linesman : Scott Cherrey and Tommy Hughes
Game Notes
No Game Note
Finance
Level 1 -- Attendance: 5141 (85.68%) -- Ticket Income $462,690
Level 2 -- Attendance: 4454 (89.08%) -- Ticket Income $222,700
Level 3 -- Attendance: 2914 (97.13%) -- Ticket Income $87,420
Level 4 -- Attendance: 4189 (83.78%) -- Ticket Income $83,780
Luxury Box -- Attendance: 981 (98.10%) -- Ticket Income $186,390
Game was played at the Staples Center.
Total Attendance: 17679 (88.40%)
Total Ticket Income: $1,042,980
Other Income: $365,043
Total Income: $1,408,023
San Jose Sharks
5 vs 5 Forward
Center Left Wing Right Wing Time % Phy DF OF
1 Alexander Wennberg Kevin Fiala Carter Verhaeghe 30 1 2 2
2 Travis Boyd Max Domi Andre Burakovsky 30 1 2 2
3 Morgan Geekie Anthony Beauvillier Ilya Mikheyev 25 1 2 2
4 Casey Cizikas Brandon Tanev Mark Jankowski 15 1 2 2
5 vs 5 Defense
Defense Defense Time % Phy DF OF
1 Mattias Samuelsson Connor Murphy 30 1 2 2
2 Jon Merrill Marcus Pettersson 30 1 2 2
3 Josh Manson Justin Barron 25 1 2 2
4 Marcus Pettersson Connor Murphy 15 1 2 2
PowerPlay Forward
Center Left Wing Right Wing Time % Phy DF OF
1 Alexander Wennberg Kevin Fiala Carter Verhaeghe 50 1 2 2
2 Ilya Mikheyev Max Domi Andre Burakovsky 50 1 2 2
PowerPlay Defense
Defense Defense Time % Phy DF OF
1 Justin Barron Connor Murphy 50 1 2 2
2 Josh Manson Marcus Pettersson 50 1 2 2
Penalty Kill 4 Players Forward
Center Wing Time % Phy DF OF
1 Kevin Fiala Carter Verhaeghe 50 1 2 2
2 Alexander Wennberg Anthony Beauvillier 50 1 2 2
Penalty Kill 4 Players Defense
Defense Defense Time % Phy DF OF
1 Josh Manson Connor Murphy 50 1 2 2
2 Justin Barron Marcus Pettersson 50 1 2 2
Penalty Kill - 3 Players Forward
Forward Time % Phy DF OF
1 Kevin Fiala 50 1 2 2
2 Carter Verhaeghe 50 1 2 2
Penalty Kill - 3 Players Defense
Defense Defense Time % Phy DF OF
1 Josh Manson Connor Murphy 50 1 2 2
2 Justin Barron Marcus Pettersson 50 1 2 2
4 vs 4 Forward
Center Wing Time % Phy DF OF
1 Alexander Wennberg Kevin Fiala 50 1 2 2
2 Max Domi Carter Verhaeghe 50 1 2 2
4 vs 4 Defense
Defense Defense Time % Phy DF OF
1 Justin Barron Connor Murphy 50 1 2 2
2 Josh Manson Marcus Pettersson 50 1 2 2
Last Minutes Offensive
Center Left Wing Right Wing Defense Defense
Carter Verhaeghe Kevin Fiala Travis Boyd Mattias Samuelsson Connor Murphy
Last Minutes Defensive
Center Left Wing Right Wing Defense Defense
Carter Verhaeghe Kevin Fiala Travis Boyd Mattias Samuelsson Connor Murphy
Goaltenders
Starting : Jacob Markstrom
Backup : Jakub Dobes
Extra Forwards
Normal : Ilya Mikheyev, Kevin Fiala, Anthony Beauvillier - PP : Ilya Mikheyev, Carter Verhaeghe - PK : Anthony Beauvillier
Extra Defensemen
Normal : Josh Manson, Justin Barron, Connor Murphy - PP : Josh Manson - PK : Justin Barron, Connor Murphy
Penalty Shots
Kevin Fiala, Carter Verhaeghe, Alexander Wennberg, Travis Boyd, Max Domi
Scratches
Adam Henrique (Healthy), Danton Heinen (Healthy), Jake McCabe (Healthy)
Los Angeles Kings
5 vs 5 Forward
Center Left Wing Right Wing Time % Phy DF OF
1 Seth Jarvis Matthew Boldy Andrei Svechnikov 30 1 2 2
2 Joseph Veleno Logan Cooley Andrew Copp 30 1 2 2
3 Jansen Harkins Andrei Kuzmenko Vitali Kravtsov 25 1 2 2
4 Mikey Eyssimont Cooper Marody Alex Gallant 15 1 2 2
5 vs 5 Defense
Defense Defense Time % Phy DF OF
1 MacKenzie Weegar Drew Helleson 35 1 2 2
2 Charlie McAvoy Ryan Suter 35 1 2 2
3 Jakub Zboril Owen Power 30 1 2 2
4 MacKenzie Weegar Ryan Suter 0 1 2 2
PowerPlay Forward
Center Left Wing Right Wing Time % Phy DF OF
1 Seth Jarvis Matthew Boldy Andrei Svechnikov 50 1 2 2
2 Andrei Kuzmenko Logan Cooley Jansen Harkins 50 1 2 2
PowerPlay Defense
Defense Defense Time % Phy DF OF
1 MacKenzie Weegar Drew Helleson 50 1 2 2
2 Owen Power Ryan Suter 50 1 2 2
Penalty Kill 4 Players Forward
Center Wing Time % Phy DF OF
1 Logan Cooley Matthew Boldy 50 1 2 2
2 Andrei Svechnikov Seth Jarvis 50 1 2 2
Penalty Kill 4 Players Defense
Defense Defense Time % Phy DF OF
1 MacKenzie Weegar Drew Helleson 50 1 2 2
2 Owen Power Ryan Suter 50 1 2 2
Penalty Kill - 3 Players Forward
Forward Time % Phy DF OF
1 Andrei Svechnikov 50 1 2 2
2 Matthew Boldy 50 1 2 2
Penalty Kill - 3 Players Defense
Defense Defense Time % Phy DF OF
1 MacKenzie Weegar Drew Helleson 50 1 2 2
2 Owen Power Ryan Suter 50 1 2 2
4 vs 4 Forward
Center Wing Time % Phy DF OF
1 Andrei Kuzmenko Matthew Boldy 50 1 2 2
2 Andrei Svechnikov Logan Cooley 50 1 2 2
4 vs 4 Defense
Defense Defense Time % Phy DF OF
1 MacKenzie Weegar Charlie McAvoy 50 1 2 2
2 Owen Power Ryan Suter 50 1 2 2
Last Minutes Offensive
Center Left Wing Right Wing Defense Defense
Seth Jarvis Matthew Boldy Andrei Svechnikov MacKenzie Weegar Drew Helleson
Last Minutes Defensive
Center Left Wing Right Wing Defense Defense
Seth Jarvis Matthew Boldy Andrei Svechnikov MacKenzie Weegar Drew Helleson
Goaltenders
Starting : Andrei Vasilevskiy
Backup : Carl Lindbom
Extra Forwards
Normal : Andrei Kuzmenko, Jansen Harkins, Andrei Svechnikov - PP : Andrei Kuzmenko, Jansen Harkins - PK : Matthew Boldy
Extra Defensemen
Normal : MacKenzie Weegar, Owen Power, Ryan Suter - PP : MacKenzie Weegar - PK : Owen Power, MacKenzie Weegar
Penalty Shots
Jansen Harkins, Matthew Boldy, Andrei Svechnikov, Seth Jarvis, Logan Cooley
Scratches
K'Andre Miller (Healthy), Alexander Romanov (Sprained Left Finger Injury), Evander Kane (Bruised Left Foot Injury)
% Time on Ice - San Jose Sharks
Lines # - Real PCT - Wanted PCT - Time Play
Normal Forward
1 - 32% - 30% - 16:30
2 - 33% - 30% - 17:09
3 - 21% - 25% - 10:45
4 - 14% - 15% - 7:31
Normal Defense
1 - 27% - 30% - 14:16
2 - 28% - 30% - 14:34
3 - 28% - 25% - 14:20
4 - 17% - 15% - 8:45
PP Forward
1 - 7% - 50% - 0:09
2 - 93% - 50% - 1:59
PP Defense
1 - 49% - 50% - 1:03
2 - 51% - 50% - 1:05
PK Forward
1 - 49% - 50% - 2:56
2 - 51% - 50% - 3:01
PK Defense
1 - 60% - 50% - 3:34
2 - 40% - 50% - 2:23
PK3 Forward
1 - 0% - 50%
2 - 0% - 50%
PK3 Defense
1 - 0% - 50%
2 - 0% - 50%
44 Forward
1 - 0% - 50%
2 - 0% - 50%
44 Defense
1 - 0% - 50%
2 - 0% - 50%
Last Minute Offensive - 0:00
Last Minute Defensive - 0:00
Total
Forward - 60:00
Defense - 60:00
|
% Time on Ice - Los Angeles Kings
Lines # - Real PCT - Wanted PCT - Time Play
Normal Forward
1 - 26% - 30% - 13:40
2 - 32% - 30% - 16:40
3 - 25% - 25% - 12:51
4 - 17% - 15% - 8:44
Normal Defense
1 - 33% - 35% - 17:20
2 - 34% - 35% - 17:50
3 - 32% - 30% - 16:23
4 - 1% - 0% - 0:22
PP Forward
1 - 48% - 50% - 2:50
2 - 52% - 50% - 3:07
PP Defense
1 - 58% - 50% - 3:27
2 - 42% - 50% - 2:30
PK Forward
1 - 18% - 50% - 0:23
2 - 82% - 50% - 1:45
PK Defense
1 - 59% - 50% - 1:16
2 - 41% - 50% - 0:52
PK3 Forward
1 - 0% - 50%
2 - 0% - 50%
PK3 Defense
1 - 0% - 50%
2 - 0% - 50%
44 Forward
1 - 0% - 50%
2 - 0% - 50%
44 Defense
1 - 0% - 50%
2 - 0% - 50%
Last Minute Offensive - 0:00
Last Minute Defensive - 0:00
Total
Forward - 60:00
Defense - 60:00
|
Play-by-Play
1st period
0:01 of 1st period - Alexander Wennberg wins face-off versus Seth Jarvis in neutral zone.
0:16 of 1st period - Snap shot by Alexander Wennberg.
0:16 of 1st period - Stopped by Andrei Vasilevskiy with a rebound.
0:26 of 1st period - Max Domi is hit by Drew Helleson and loses puck.
0:45 of 1st period - Morgan Geekie is hit by MacKenzie Weegar and loses puck.
0:52 of 1st period - Andrei Kuzmenko is hit by Anthony Beauvillier and loses puck.
1:09 of 1st period - Snap shot by Casey Cizikas.
1:09 of 1st period - Stopped by Andrei Vasilevskiy without a rebound.
1:10 of 1st period - Mikey Eyssimont wins face-off versus Travis Boyd in Los Angeles Kings zone.
1:17 of 1st period - Slapshot by Charlie McAvoy.
1:17 of 1st period - Stopped by Jacob Markstrom with a rebound.
1:19 of 1st period - Backhand shot by Ryan Suter.
1:19 of 1st period - Stopped by Jacob Markstrom with a rebound.
1:21 of 1st period - Snap shot by Ryan Suter.
1:21 of 1st period - Shot Misses the Net.
1:35 of 1st period - Slapshot by Owen Power.
1:35 of 1st period - Shot Blocked by Andre Burakovsky.
1:37 of 1st period - Slapshot by Owen Power.
1:37 of 1st period - Shot Misses the Net.
1:39 of 1st period - Slapshot by Owen Power.
1:39 of 1st period - Shot Misses the Net.
1:41 of 1st period - Wrist shot by Owen Power.
1:41 of 1st period - Shot Misses the Net.
1:43 of 1st period - Snap shot by Owen Power.
1:43 of 1st period - Shot Blocked by Connor Murphy.
2:22 of 1st period - Slapshot by Mikey Eyssimont.
2:22 of 1st period - Shot Misses the Net.
2:28 of 1st period - Slapshot by Owen Power.
2:28 of 1st period - Deflect By Mikey Eyssimont.
2:28 of 1st period - Stopped by Jacob Markstrom without a rebound.
2:29 of 1st period - Joseph Veleno wins face-off versus Alexander Wennberg in San Jose Sharks zone.
2:38 of 1st period - MacKenzie Weegar is hit by Carter Verhaeghe and loses puck.
3:24 of 1st period - Snap shot by Andrei Kuzmenko.
3:24 of 1st period - Shot Blocked by Marcus Pettersson.
3:30 of 1st period - Snap shot by Jansen Harkins.
3:30 of 1st period - Shot Blocked by Jon Merrill.
3:57 of 1st period - Icing by Carter Verhaeghe.
3:58 of 1st period - Seth Jarvis wins face-off versus Morgan Geekie in San Jose Sharks zone.
4:35 of 1st period - Brandon Tanev is hit by Owen Power and loses puck.
5:20 of 1st period - Snap shot by Seth Jarvis.
5:20 of 1st period - Deflect By Andrei Svechnikov.
5:20 of 1st period - Shot Misses the Net.
5:20 of 1st period - Puck is out of play.
5:21 of 1st period - Alexander Wennberg wins face-off versus Jansen Harkins in San Jose Sharks zone.
5:21 of 1st period - Alexander Wennberg is hit by Drew Helleson.
5:53 of 1st period - Justin Barron is hit by MacKenzie Weegar.
6:15 of 1st period - MacKenzie Weegar is hit by Josh Manson and loses puck.
6:29 of 1st period - Mikey Eyssimont is hit by Connor Murphy and loses puck.
7:11 of 1st period - Slapshot by Ilya Mikheyev.
7:11 of 1st period - Shot Blocked by Andrew Copp.
7:13 of 1st period - Slapshot by Ilya Mikheyev.
7:13 of 1st period - Shot Misses the Net.
7:15 of 1st period - Slapshot by Ilya Mikheyev.
7:15 of 1st period - Shot Misses the Net.
7:17 of 1st period - Snap shot by Ilya Mikheyev.
7:17 of 1st period - Stopped by Andrei Vasilevskiy with a rebound.
7:29 of 1st period - Wrist shot by Matthew Boldy.
7:29 of 1st period - Stopped by Jacob Markstrom with a rebound.
8:35 of 1st period - Minor Penalty to Mattias Samuelsson for Roughing.
8:36 of 1st period - Seth Jarvis wins face-off versus Kevin Fiala in San Jose Sharks zone.
8:48 of 1st period - Off-side.
8:49 of 1st period - Alexander Wennberg wins face-off versus Andrei Kuzmenko in neutral zone.
9:00 of 1st period - Wrist shot by Anthony Beauvillier.
9:00 of 1st period - Stopped by Andrei Vasilevskiy with a rebound.
9:02 of 1st period - Slapshot by Connor Murphy.
9:02 of 1st period - Shot Misses the Net.
9:04 of 1st period - Snap shot by Connor Murphy.
9:04 of 1st period - Shot Blocked by MacKenzie Weegar.
10:35 of 1st period - Penalty to Mattias Samuelsson is over, Mattias Samuelsson is back on ice.
11:01 of 1st period - Andrew Copp is hit by Mark Jankowski and loses puck.
11:06 of 1st period - Backhand shot by Brandon Tanev.
11:06 of 1st period - Shot Misses the Net.
11:22 of 1st period - Wrist shot by Morgan Geekie.
11:22 of 1st period - Stopped by Andrei Vasilevskiy without a rebound.
11:23 of 1st period - Mikey Eyssimont wins face-off versus Morgan Geekie in Los Angeles Kings zone.
11:31 of 1st period - Off-side.
11:32 of 1st period - Seth Jarvis wins face-off versus Alexander Wennberg in neutral zone.
11:59 of 1st period - Snap shot by Logan Cooley.
11:59 of 1st period - Stopped by Jacob Markstrom with a rebound.
12:30 of 1st period - Snap shot by Andrei Kuzmenko.
12:30 of 1st period - Goal by Andrei Kuzmenko - San Jose Sharks : 0 - Los Angeles Kings : 1.
12:31 of 1st period - Seth Jarvis wins face-off versus Alexander Wennberg in neutral zone.
12:38 of 1st period - Snap shot by Matthew Boldy.
12:38 of 1st period - Stopped by Jacob Markstrom without a rebound.
12:39 of 1st period - Alexander Wennberg wins face-off versus Seth Jarvis in San Jose Sharks zone.
12:52 of 1st period - Wrist shot by Alexander Wennberg.
12:52 of 1st period - Shot Misses the Net.
12:58 of 1st period - Snap shot by Seth Jarvis.
12:58 of 1st period - Stopped by Jacob Markstrom with a rebound.
13:00 of 1st period - Slapshot by Owen Power.
13:00 of 1st period - Deflect By Andrei Svechnikov.
13:00 of 1st period - Stopped by Jacob Markstrom without a rebound.
13:01 of 1st period - Joseph Veleno wins face-off versus Travis Boyd in San Jose Sharks zone.
13:13 of 1st period - Wrist shot by Logan Cooley.
13:13 of 1st period - Shot Misses the Net.
14:25 of 1st period - Minor Penalty to Casey Cizikas for Tripping.
14:26 of 1st period - Logan Cooley wins face-off versus Kevin Fiala in San Jose Sharks zone.
14:37 of 1st period - Icing by Andrei Kuzmenko.
14:38 of 1st period - Alexander Wennberg wins face-off versus Andrei Kuzmenko in Los Angeles Kings zone.
15:20 of 1st period - Snap shot by Andrei Kuzmenko.
15:20 of 1st period - Shot Blocked by Josh Manson.
15:26 of 1st period - Snap shot by Logan Cooley.
15:26 of 1st period - Deflect By Andrei Kuzmenko.
15:26 of 1st period - Stopped by Jacob Markstrom without a rebound.
15:27 of 1st period - Anthony Beauvillier wins face-off versus Seth Jarvis in San Jose Sharks zone.
15:38 of 1st period - Justin Barron is hit by Andrei Svechnikov and loses puck.
16:25 of 1st period - Penalty to Casey Cizikas is over, Casey Cizikas is back on ice.
16:51 of 1st period - Icing by Marcus Pettersson.
16:52 of 1st period - Joseph Veleno wins face-off versus Travis Boyd in San Jose Sharks zone.
17:01 of 1st period - Slapshot by Andrew Copp.
17:01 of 1st period - Deflect By Logan Cooley.
17:01 of 1st period - Shot Blocked by Marcus Pettersson.
17:01 of 1st period - Puck is out of play.
17:02 of 1st period - Joseph Veleno wins face-off versus Alexander Wennberg in San Jose Sharks zone.
17:05 of 1st period - Slapshot by Logan Cooley.
17:05 of 1st period - Shot Blocked by Carter Verhaeghe.
17:07 of 1st period - Wrist shot by Andrew Copp.
17:07 of 1st period - Shot Blocked by Alexander Wennberg.
17:09 of 1st period - Wrist shot by Andrew Copp.
17:09 of 1st period - Shot Misses the Net.
17:11 of 1st period - Backhand shot by MacKenzie Weegar.
17:11 of 1st period - Shot Misses the Net.
17:34 of 1st period - Minor Penalty to Connor Murphy for Holding.
17:35 of 1st period - Alexander Wennberg wins face-off versus Seth Jarvis in San Jose Sharks zone.
19:34 of 1st period - Penalty to Connor Murphy is over, Connor Murphy is back on ice.
19:52 of 1st period - Wrist shot by Andre Burakovsky.
19:52 of 1st period - Deflect By MacKenzie Weegar.
19:52 of 1st period - Stopped by Andrei Vasilevskiy with a rebound.
Goals for this period are 0 for San Jose Sharks vs 1 for Los Angeles Kings.
Shots for this period are 6 for San Jose Sharks vs 10 for Los Angeles Kings.
2nd period
0:01 of 2nd period - Jansen Harkins wins face-off versus Morgan Geekie in neutral zone.
0:06 of 2nd period - Slapshot by Jansen Harkins.
0:06 of 2nd period - Shot Misses the Net.
0:16 of 2nd period - Wrist shot by Morgan Geekie.
0:16 of 2nd period - Shot Blocked by Jansen Harkins.
0:35 of 2nd period - Wrist shot by Kevin Fiala.
0:35 of 2nd period - Shot Blocked by Charlie McAvoy.
0:47 of 2nd period - Slapshot by Alexander Wennberg.
0:47 of 2nd period - Deflect By Owen Power.
0:47 of 2nd period - Stopped by Andrei Vasilevskiy with a rebound.
1:29 of 2nd period - Snap shot by Matthew Boldy.
1:29 of 2nd period - Deflect By Seth Jarvis.
1:29 of 2nd period - Shot Blocked by Justin Barron.
1:29 of 2nd period - Puck is out of play.
1:30 of 2nd period - Mark Jankowski wins face-off versus Seth Jarvis in San Jose Sharks zone.
2:00 of 2nd period - Wrist shot by Kevin Fiala.
2:00 of 2nd period - Shot Misses the Net.
2:02 of 2nd period - Slapshot by Connor Murphy.
2:02 of 2nd period - Shot Misses the Net.
2:42 of 2nd period - Cooper Marody is hit by Anthony Beauvillier and loses puck.
3:03 of 2nd period - Wrist shot by Alexander Wennberg.
3:03 of 2nd period - Stopped by Andrei Vasilevskiy with a rebound.
3:08 of 2nd period - Off-side.
3:09 of 2nd period - Casey Cizikas wins face-off versus Joseph Veleno in neutral zone.
3:24 of 2nd period - Jon Merrill is hit by Drew Helleson and loses puck.
3:47 of 2nd period - Wrist shot by Kevin Fiala.
3:47 of 2nd period - Deflect By Carter Verhaeghe.
3:47 of 2nd period - Stopped by Andrei Vasilevskiy with a rebound.
4:03 of 2nd period - MacKenzie Weegar is hit by Justin Barron and loses puck.
4:31 of 2nd period - Drew Helleson is hit by Anthony Beauvillier and loses puck.
5:11 of 2nd period - Wrist shot by Logan Cooley.
5:11 of 2nd period - Goal by Logan Cooley - San Jose Sharks : 0 - Los Angeles Kings : 2.
5:12 of 2nd period - Andrei Kuzmenko wins face-off versus Travis Boyd in neutral zone.
5:19 of 2nd period - Snap shot by Jansen Harkins.
5:19 of 2nd period - Shot Misses the Net.
5:21 of 2nd period - Snap shot by Owen Power.
5:21 of 2nd period - Deflect By Andrei Kuzmenko.
5:21 of 2nd period - Goal by Andrei Kuzmenko - San Jose Sharks : 0 - Los Angeles Kings : 3.
5:22 of 2nd period - Morgan Geekie wins face-off versus Jansen Harkins in neutral zone.
6:23 of 2nd period - Wrist shot by Carter Verhaeghe.
6:23 of 2nd period - Stopped by Andrei Vasilevskiy without a rebound.
6:24 of 2nd period - Morgan Geekie wins face-off versus Jansen Harkins in Los Angeles Kings zone.
6:30 of 2nd period - Icing by Charlie McAvoy.
6:31 of 2nd period - Jansen Harkins wins face-off versus Morgan Geekie in Los Angeles Kings zone.
7:02 of 2nd period - Snap shot by Morgan Geekie.
7:02 of 2nd period - Goal by Morgan Geekie - San Jose Sharks : 1 - Los Angeles Kings : 3.
7:03 of 2nd period - Matthew Boldy wins face-off versus Alexander Wennberg in neutral zone.
7:08 of 2nd period - Snap shot by Andrei Svechnikov.
7:08 of 2nd period - Shot Misses the Net.
8:00 of 2nd period - Anthony Beauvillier is hit by Jansen Harkins and loses puck.
9:04 of 2nd period - Wrist shot by Joseph Veleno.
9:04 of 2nd period - Stopped by Jacob Markstrom with a rebound.
9:24 of 2nd period - Slapshot by Carter Verhaeghe.
9:24 of 2nd period - Stopped by Andrei Vasilevskiy with a rebound.
9:26 of 2nd period - Snap shot by Alexander Wennberg.
9:26 of 2nd period - Shot Misses the Net.
9:28 of 2nd period - Slapshot by Justin Barron.
9:28 of 2nd period - Stopped by Andrei Vasilevskiy with a rebound.
9:30 of 2nd period - Slapshot by Justin Barron.
9:30 of 2nd period - Shot Misses the Net.
9:32 of 2nd period - Slapshot by Kevin Fiala.
9:32 of 2nd period - Shot Misses the Net.
9:34 of 2nd period - Snap shot by Alexander Wennberg.
9:34 of 2nd period - Shot Blocked by Ryan Suter.
9:40 of 2nd period - Slapshot by Kevin Fiala.
9:40 of 2nd period - Stopped by Andrei Vasilevskiy with a rebound.
9:48 of 2nd period - Kevin Fiala is hit by Ryan Suter and loses puck.
10:27 of 2nd period - Wrist shot by Carter Verhaeghe.
10:27 of 2nd period - Stopped by Andrei Vasilevskiy without a rebound.
10:28 of 2nd period - Seth Jarvis wins face-off versus Travis Boyd in Los Angeles Kings zone.
10:28 of 2nd period - Seth Jarvis is hit by Marcus Pettersson.
10:54 of 2nd period - Marcus Pettersson is hit by Cooper Marody and loses puck.
11:11 of 2nd period - Jon Merrill is hit by Drew Helleson and loses puck.
11:24 of 2nd period - Wrist shot by Ilya Mikheyev.
11:24 of 2nd period - Shot Blocked by Vitali Kravtsov.
11:26 of 2nd period - Slapshot by Jon Merrill.
11:26 of 2nd period - Shot Misses the Net.
11:44 of 2nd period - Snap shot by Jansen Harkins.
11:44 of 2nd period - Deflect By Matthew Boldy.
11:44 of 2nd period - Shot Blocked by Connor Murphy.
11:44 of 2nd period - Puck is out of play.
11:45 of 2nd period - Seth Jarvis wins face-off versus Brandon Tanev in San Jose Sharks zone.
11:53 of 2nd period - Icing by Mattias Samuelsson.
11:54 of 2nd period - Casey Cizikas wins face-off versus Seth Jarvis in San Jose Sharks zone.
12:45 of 2nd period - Wrist shot by Logan Cooley.
12:45 of 2nd period - Deflect By Joseph Veleno.
12:45 of 2nd period - Stopped by Jacob Markstrom with a rebound.
12:47 of 2nd period - Snap shot by Logan Cooley.
12:47 of 2nd period - Shot Misses the Net.
12:49 of 2nd period - Slapshot by MacKenzie Weegar.
12:49 of 2nd period - Deflect By Andrew Copp.
12:49 of 2nd period - Shot Misses the Net.
12:49 of 2nd period - Puck is out of play.
12:50 of 2nd period - Seth Jarvis wins face-off versus Morgan Geekie in San Jose Sharks zone.
12:57 of 2nd period - Snap shot by Seth Jarvis.
12:57 of 2nd period - Shot Misses the Net.
13:15 of 2nd period - Marcus Pettersson is hit by Charlie McAvoy and loses puck.
13:53 of 2nd period - Slapshot by MacKenzie Weegar.
13:53 of 2nd period - Shot Blocked by Josh Manson.
13:55 of 2nd period - Snap shot by Logan Cooley.
13:55 of 2nd period - Shot Blocked by Josh Manson.
14:15 of 2nd period - Josh Manson is hit by Cooper Marody and loses puck.
15:08 of 2nd period - Connor Murphy is hit by Ryan Suter and loses puck.
15:19 of 2nd period - Charlie McAvoy is hit by Alexander Wennberg and loses puck.
15:34 of 2nd period - Snap shot by Mikey Eyssimont.
15:34 of 2nd period - Shot Misses the Net.
15:52 of 2nd period - Wrist shot by Matthew Boldy.
15:52 of 2nd period - Shot Blocked by Brandon Tanev.
16:14 of 2nd period - Snap shot by Max Domi.
16:14 of 2nd period - Shot Blocked by MacKenzie Weegar.
16:32 of 2nd period - Snap shot by Max Domi.
16:32 of 2nd period - Stopped by Andrei Vasilevskiy with a rebound.
16:34 of 2nd period - Wrist shot by Travis Boyd.
16:34 of 2nd period - Shot Misses the Net.
17:21 of 2nd period - Slapshot by Seth Jarvis.
17:21 of 2nd period - Shot Blocked by Carter Verhaeghe.
17:23 of 2nd period - Snap shot by Matthew Boldy.
17:23 of 2nd period - Goal by Matthew Boldy - San Jose Sharks : 1 - Los Angeles Kings : 4.
17:24 of 2nd period - Seth Jarvis wins face-off versus Travis Boyd in neutral zone.
17:50 of 2nd period - Seth Jarvis is hit by Mattias Samuelsson and loses puck.
17:59 of 2nd period - Carter Verhaeghe is hit by Matthew Boldy and loses puck.
18:08 of 2nd period - Wrist shot by Seth Jarvis.
18:08 of 2nd period - Shot Blocked by Connor Murphy.
18:10 of 2nd period - Slapshot by Charlie McAvoy.
18:10 of 2nd period - Shot Blocked by Mattias Samuelsson.
18:12 of 2nd period - Snap shot by Ryan Suter.
18:12 of 2nd period - Stopped by Jacob Markstrom without a rebound.
18:13 of 2nd period - Joseph Veleno wins face-off versus Travis Boyd in San Jose Sharks zone.
18:20 of 2nd period - Snap shot by Andrew Copp.
18:20 of 2nd period - Stopped by Jacob Markstrom without a rebound.
18:21 of 2nd period - Joseph Veleno wins face-off versus Travis Boyd in San Jose Sharks zone.
19:06 of 2nd period - Andrei Svechnikov is hit by Alexander Wennberg and loses puck.
19:31 of 2nd period - Slapshot by MacKenzie Weegar.
19:31 of 2nd period - Deflect By Brandon Tanev.
19:31 of 2nd period - Stopped by Jacob Markstrom without a rebound.
19:32 of 2nd period - Travis Boyd wins face-off versus Mikey Eyssimont in San Jose Sharks zone.
19:45 of 2nd period - Snap shot by Andre Burakovsky.
19:45 of 2nd period - Shot Blocked by Cooper Marody.
19:47 of 2nd period - Slapshot by Max Domi.
19:47 of 2nd period - Stopped by Andrei Vasilevskiy with a rebound.
Goals for this period are 1 for San Jose Sharks vs 3 for Los Angeles Kings.
Shots for this period are 11 for San Jose Sharks vs 8 for Los Angeles Kings.
3rd period
0:01 of 3rd period - Travis Boyd wins face-off versus Joseph Veleno in neutral zone.
0:03 of 3rd period - Off-side.
0:04 of 3rd period - Joseph Veleno wins face-off versus Travis Boyd in neutral zone.
0:19 of 3rd period - Wrist shot by Andrew Copp.
0:19 of 3rd period - Stopped by Jacob Markstrom without a rebound.
0:20 of 3rd period - Morgan Geekie wins face-off versus Seth Jarvis in San Jose Sharks zone.
0:29 of 3rd period - Wrist shot by Morgan Geekie.
0:29 of 3rd period - Stopped by Andrei Vasilevskiy with a rebound.
0:31 of 3rd period - Snap shot by Ilya Mikheyev.
0:31 of 3rd period - Shot Misses the Net.
0:33 of 3rd period - Wrist shot by Anthony Beauvillier.
0:33 of 3rd period - Stopped by Andrei Vasilevskiy with a rebound.
0:35 of 3rd period - Snap shot by Ilya Mikheyev.
0:35 of 3rd period - Stopped by Andrei Vasilevskiy without a rebound.
0:36 of 3rd period - Travis Boyd wins face-off versus Jansen Harkins in Los Angeles Kings zone.
0:46 of 3rd period - Minor Penalty to Vitali Kravtsov for Tripping.
0:47 of 3rd period - Alexander Wennberg wins face-off versus Logan Cooley in Los Angeles Kings zone.
0:53 of 3rd period - Snap shot by Kevin Fiala.
0:53 of 3rd period - Shot Blocked by Drew Helleson.
0:55 of 3rd period - Snap shot by Justin Barron.
0:55 of 3rd period - Goal by Justin Barron - San Jose Sharks : 2 - Los Angeles Kings : 4.
0:56 of 3rd period - Alexander Wennberg wins face-off versus Joseph Veleno in neutral zone.
1:59 of 3rd period - Wrist shot by Mikey Eyssimont.
1:59 of 3rd period - Shot Blocked by Justin Barron.
2:11 of 3rd period - Wrist shot by Morgan Geekie.
2:11 of 3rd period - Shot Misses the Net.
2:13 of 3rd period - Slapshot by Justin Barron.
2:13 of 3rd period - Deflect By Jansen Harkins.
2:13 of 3rd period - Stopped by Andrei Vasilevskiy with a rebound.
2:15 of 3rd period - Slapshot by Justin Barron.
2:15 of 3rd period - Shot Misses the Net.
2:54 of 3rd period - Wrist shot by Matthew Boldy.
2:54 of 3rd period - Shot Misses the Net.
3:04 of 3rd period - Andrei Svechnikov is hit by Morgan Geekie and loses puck.
3:23 of 3rd period - Snap shot by Mikey Eyssimont.
3:23 of 3rd period - Shot Blocked by Mattias Samuelsson.
3:25 of 3rd period - Slapshot by MacKenzie Weegar.
3:25 of 3rd period - Shot Blocked by Mattias Samuelsson.
3:27 of 3rd period - Slapshot by Drew Helleson.
3:27 of 3rd period - Shot Misses the Net.
3:29 of 3rd period - Slapshot by Drew Helleson.
3:29 of 3rd period - Stopped by Jacob Markstrom with a rebound.
3:31 of 3rd period - Slapshot by MacKenzie Weegar.
3:31 of 3rd period - Shot Blocked by Mattias Samuelsson.
3:41 of 3rd period - Andrew Copp is hit by Casey Cizikas and loses puck.
3:46 of 3rd period - Snap shot by Brandon Tanev.
3:46 of 3rd period - Shot Misses the Net.
4:02 of 3rd period - Max Domi is hit by Owen Power and loses puck.
4:11 of 3rd period - Travis Boyd is hit by MacKenzie Weegar.
4:23 of 3rd period - Snap shot by Ilya Mikheyev.
4:23 of 3rd period - Shot Blocked by Mikey Eyssimont.
4:25 of 3rd period - Wrist shot by Connor Murphy.
4:25 of 3rd period - Shot Misses the Net.
4:27 of 3rd period - Slapshot by Connor Murphy.
4:27 of 3rd period - Stopped by Andrei Vasilevskiy without a rebound.
4:28 of 3rd period - Seth Jarvis wins face-off versus Morgan Geekie in Los Angeles Kings zone.
4:37 of 3rd period - Wrist shot by Anthony Beauvillier.
4:37 of 3rd period - Stopped by Andrei Vasilevskiy with a rebound.
4:39 of 3rd period - Backhand shot by Marcus Pettersson.
4:39 of 3rd period - Stopped by Andrei Vasilevskiy with a rebound.
4:41 of 3rd period - Snap shot by Anthony Beauvillier.
4:41 of 3rd period - Stopped by Andrei Vasilevskiy with a rebound.
4:53 of 3rd period - Jon Merrill is hit by Jansen Harkins and loses puck.
5:34 of 3rd period - Icing by Charlie McAvoy.
5:35 of 3rd period - Joseph Veleno wins face-off versus Morgan Geekie in Los Angeles Kings zone.
6:02 of 3rd period - Seth Jarvis is hit by Kevin Fiala and loses puck.
7:07 of 3rd period - Slapshot by Seth Jarvis.
7:07 of 3rd period - Shot Blocked by Anthony Beauvillier.
7:13 of 3rd period - Matthew Boldy is hit by Marcus Pettersson and loses puck.
7:24 of 3rd period - Snap shot by Logan Cooley.
7:24 of 3rd period - Stopped by Jacob Markstrom without a rebound.
7:25 of 3rd period - Logan Cooley wins face-off versus Alexander Wennberg in San Jose Sharks zone.
7:26 of 3rd period - Wrist shot by Joseph Veleno.
7:26 of 3rd period - Shot Misses the Net.
7:28 of 3rd period - Wrist shot by Logan Cooley.
7:28 of 3rd period - Stopped by Jacob Markstrom without a rebound.
7:29 of 3rd period - Logan Cooley wins face-off versus Travis Boyd in San Jose Sharks zone.
7:42 of 3rd period - Wrist shot by Andre Burakovsky.
7:42 of 3rd period - Stopped by Andrei Vasilevskiy without a rebound.
7:43 of 3rd period - Alexander Wennberg wins face-off versus Jansen Harkins in Los Angeles Kings zone.
7:54 of 3rd period - Snap shot by Jansen Harkins.
7:54 of 3rd period - Stopped by Jacob Markstrom with a rebound.
8:00 of 3rd period - Snap shot by Alexander Wennberg.
8:00 of 3rd period - Stopped by Andrei Vasilevskiy without a rebound.
8:01 of 3rd period - Travis Boyd wins face-off versus Seth Jarvis in Los Angeles Kings zone.
8:12 of 3rd period - Wrist shot by Seth Jarvis.
8:12 of 3rd period - Stopped by Jacob Markstrom without a rebound.
8:13 of 3rd period - Travis Boyd wins face-off versus Jansen Harkins in San Jose Sharks zone.
8:38 of 3rd period - Andrei Kuzmenko is hit by Carter Verhaeghe and loses puck.
9:07 of 3rd period - Wrist shot by Kevin Fiala.
9:07 of 3rd period - Stopped by Andrei Vasilevskiy with a rebound.
9:33 of 3rd period - Snap shot by Andrei Kuzmenko.
9:33 of 3rd period - Shot Misses the Net.
11:06 of 3rd period - Snap shot by Jansen Harkins.
11:06 of 3rd period - Shot Blocked by Alexander Wennberg.
11:26 of 3rd period - Wrist shot by Jansen Harkins.
11:26 of 3rd period - Shot Misses the Net.
11:28 of 3rd period - Slapshot by Owen Power.
11:28 of 3rd period - Deflect By Andrei Kuzmenko.
11:28 of 3rd period - Shot Misses the Net.
11:28 of 3rd period - Puck is out of play.
11:29 of 3rd period - Morgan Geekie wins face-off versus Joseph Veleno in San Jose Sharks zone.
11:34 of 3rd period - Snap shot by Ilya Mikheyev.
11:34 of 3rd period - Shot Blocked by MacKenzie Weegar.
11:36 of 3rd period - Wrist shot by Ilya Mikheyev.
11:36 of 3rd period - Stopped by Andrei Vasilevskiy with a rebound.
12:40 of 3rd period - Slapshot by Morgan Geekie.
12:40 of 3rd period - Shot Misses the Net.
12:48 of 3rd period - Snap shot by Morgan Geekie.
12:48 of 3rd period - Stopped by Andrei Vasilevskiy without a rebound.
12:49 of 3rd period - Casey Cizikas wins face-off versus Seth Jarvis in Los Angeles Kings zone.
13:01 of 3rd period - Wrist shot by Casey Cizikas.
13:01 of 3rd period - Shot Misses the Net.
13:03 of 3rd period - Wrist shot by Mark Jankowski.
13:03 of 3rd period - Stopped by Andrei Vasilevskiy with a rebound.
13:11 of 3rd period - Minor Penalty to Andrei Svechnikov for Holding.
13:12 of 3rd period - Matthew Boldy wins face-off versus Ilya Mikheyev in Los Angeles Kings zone.
13:12 of 3rd period - Matthew Boldy is hit by Andre Burakovsky.
14:03 of 3rd period - Owen Power is hit by Brandon Tanev and loses puck.
15:11 of 3rd period - Penalty to Andrei Svechnikov is over, Andrei Svechnikov is back on ice.
15:29 of 3rd period - Andrew Copp is hit by Casey Cizikas and loses puck.
15:50 of 3rd period - Ryan Suter is hit by Andre Burakovsky and loses puck.
16:29 of 3rd period - Drew Helleson is hit by Mattias Samuelsson and loses puck.
16:46 of 3rd period - Justin Barron is hit by MacKenzie Weegar and loses puck.
17:49 of 3rd period - Ryan Suter is hit by Andre Burakovsky and loses puck.
18:30 of 3rd period - Drew Helleson is hit by Casey Cizikas and loses puck.
18:52 of 3rd period - Icing by Andrew Copp.
18:53 of 3rd period - Mark Jankowski wins face-off versus Cooper Marody in Los Angeles Kings zone.
Goals for this period are 1 for San Jose Sharks vs 0 for Los Angeles Kings.
Shots for this period are 15 for San Jose Sharks vs 6 for Los Angeles Kings.
Back to the Top